Map: Fields of Shazir

Players

Mensor

  • Race: Protoss Protoss
  • League: Platinum
  • Spawn Location: 7:00

Cagri

  • Race: Terran Terran
  • League: Platinum
  • Spawn Location: 9:00

MoCkingJay

  • Race: Protoss Protoss
  • Spawn Location: 9:00

Loken - Winner!

  • Race: Zerg Zerg
  • League: Platinum
  • Spawn Location: 5:00

dallaskuken - Winner!

  • Race: Protoss Protoss
  • League: Platinum
  • Spawn Location: 3:00

TimeTwist - Winner!

  • Race: Zerg Zerg
  • Spawn Location: 3:00

VOD

Have the link to the VOD?

Description

Time

  • Played on: March 22, 2017, 5:56 a.m.
  • Length: 12:52
Show
View Real Time Build Order
Export as new Build Order

Mensor Protoss 

Build Orders:  

Get SALT Encoding   

  12  0:09  Pylon  
  12  0:15  Probe (Chrono Boost)  
  13  0:27  Gateway  
  13  0:35  Assimilator  
  13  0:39  Probe (Chrono Boost)  
  15  0:50  Probe (Chrono Boost)  
  15  1:01  Gateway  
  15  1:14  Cybernetics Core  
  15  1:15  Probe (Chrono Boost)  
  16  1:27  Probe (Chrono Boost)  
  17  1:32  Gateway  
  17  1:38  Probe (Chrono Boost)  
  18  1:48  Stalker  
  18  1:53  Adept  
  22  1:59  Assimilator  
  22  2:13  Pylon  
  22  2:32  Warp Gate  
  22  2:33  Mothership Core (Chrono Boost)  
  24  2:41  Adept  
  26  2:57  Stalker  
  26  3:01  Stalker, Probe (Chrono Boost)  
  31  3:24  Pylon  
  31  3:27  Pylon  
  31  3:42  Adept  
  31  3:44  Probe (Chrono Boost)  
  35  3:56  Robotics Facility, Probe (Chrono Boost)  
  35  4:02  Pylon  
  35  4:08  Probe (Chrono Boost)  
  35  4:42  Warp Prism  
  35  4:43  Twilight Council  
  38  5:00  Probe (Chrono Boost)  
  38  5:15  Adept  
  38  5:16  Adept x2  
  44  5:38  Dark Shrine  
  44  5:40  Pylon  
  44  5:52  Adept x2  
  44  5:53  Adept  
  50  6:00  Gateway, Probe (Chrono Boost)  
  51  6:18  Probe (Chrono Boost)  
  52  6:30  Warp Prism, Probe (Chrono Boost)  
  53  6:42  Probe (Chrono Boost)  
  54  6:50  Nexus  
  54  7:06  Probe (Chrono Boost)  
  55  7:18  Probe (Chrono Boost)  
  55  7:19  Dark Templar x3  
  62  7:27  Pylon  
  63  7:30  Pylon, Probe (Chrono Boost)  
  63  7:31  Pylon  
  63  7:46  Observer, Pylon  
  64  7:52  Assimilator  
  64  7:53  Probe (Chrono Boost)  
  64  7:57  Assimilator  
  57  8:16  Adept x3  
  57  8:17  Adept  
  65  8:33  Blink  
  61  8:38  Stalker x4  
  68  9:07  Stalker  
  68  9:08  Stalker x3  
  72  9:14  Probe (Chrono Boost)  
  73  9:45  Adept x2  
  77  9:46  Dark Templar x2  
  83  10:07  Probe (Chrono Boost)  
  83  10:08  Probe (Chrono Boost)  
  83  10:20  Probe (Chrono Boost)  
  82  10:28  Stalker x3  
  86  10:37  Templar Archives  
  86  10:53  Adept x3  
  86  10:54  Adept  
  82  11:13  Psionic Storm  
  82  11:19  High Templar  
  82  11:20  High Templar x3  
  74  11:40  Archon  
  74  11:43  Archon  
  74  11:44  Archon  
  50  12:00  Dark Templar x3  
  40  12:02  Dark Templar  
  30  12:18  Archon x2  
  30  12:35  Zealot x3  
Show
View Real Time Build Order
Export as new Build Order

Cagri Terran 

Build Orders: Command Center First (CC) 

Get SALT Encoding   

  12  0:02  SCV  
  13  0:14  SCV  
  14  0:26  SCV  
  15  0:29  Supply Depot  
  15  0:55  Command Center  
  15  0:58  SCV  
  16  1:11  SCV  
  17  1:20  Barracks  
  17  1:23  SCV  
  18  1:32  Barracks  
  18  1:39  Refinery  
  18  1:42  SCV  
  19  1:54  SCV  
  20  2:13  Marine  
  21  2:20  Bunker, Orbital Command  
  21  2:21  Orbital Command  
  21  2:26  Refinery  
  21  2:29  Refinery  
  21  2:37  Marine x2  
  23  2:48  SCV x2  
  25  3:00  SCV  
  25  3:01  SCV  
  25  3:02  Bunker  
  27  3:07  Engineering Bay  
  27  3:12  SCV  
  27  3:13  SCV  
  29  3:21  Refinery  
  29  3:24  Refinery  
  29  3:25  SCV x2  
  31  3:30  Supply Depot  
  31  3:32  Marine  
  31  3:33  Marine  
  33  3:39  Missile Turret  
  33  3:50  Bunker  
  33  4:00  SCV x2  
  35  4:03  Missile Turret  
  35  4:06  Factory  
  35  4:07  Marine  
  36  4:12  SCV x2  
  38  4:20  Marine  
  38  4:23  Supply Depot  
  39  4:28  Supply Depot  
  39  4:37  Marine  
  40  4:49  Hi-Sec Auto Tracking  
  40  4:51  Factory Reactor  
  40  4:55  SCV  
  40  4:56  SCV  
  40  4:59  Starport  
  42  5:01  Missile Turret  
  42  5:08  SCV x2  
  44  5:21  SCV  
  44  5:22  SCV  
  46  5:32  Starport  
  46  5:33  SCV  
  46  5:34  SCV  
  48  5:38  Starport  
  48  5:45  SCV  
  48  5:46  SCV, Starport Reactor  
  50  5:52  Hellion  
  50  5:53  Hellion  
  54  5:57  SCV  
  54  5:58  SCV  
  56  6:10  SCV x2  
  58  6:14  Hellion  
  58  6:15  Bunker  
  60  6:37  Hellion  
  62  6:41  Starport Tech Lab x2  
  62  6:49  Supply Depot  
  62  6:50  Liberator x2, Supply Depot  
  62  6:53  Supply Depot  
  62  7:08  Marine  
  69  7:33  Liberator x2  
  69  7:34  Supply Depot  
  69  7:35  Barracks Tech Lab  
  69  7:37  Supply Depot  
  69  7:38  Liberator x2  
  81  7:59  Hellion  
  81  8:00  Hellion  
  81  8:03  Factory  
  85  8:09  Missile Turret  
  79  8:15  Liberator x2  
  79  8:20  Liberator  
  79  8:21  Liberator  
  79  8:26  Missile Turret  
  91  8:49  Missile Turret  
  91  9:29  Liberator x2  
  89  9:46  Medivac  
  89  9:47  Liberator  
  94  9:53  Armory  
  94  9:54  Armory  
  94  9:55  Armory  
  94  9:59  Liberator  
  91  10:08  Factory Tech Lab, Hellion  
  91  10:09  Hellion  
  91  10:10  Marine x2  
  91  10:12  Liberator x2  
  91  10:13  Stimpack  
  100  10:28  Marine x2, Command Center  
  101  10:29  Liberator  
  101  10:30  Hellion  
  110  10:38  Hellion  
  110  10:41  Supply Depot x2  
  112  10:43  Terran Vehicle And Ship Armor Level 1, Terran Ship Weapons Level 1  
  112  10:44  Terran Vehicle Weapons Level 1  
  112  10:46  Marine x2  
  117  10:51  Hellion  
  119  10:59  Hellion  
  119  11:03  Marine  
  122  11:04  Marine, Supply Depot  
  111  11:13  Hellion  
  111  11:17  Viking  
  111  11:18  Viking x2  
  110  11:20  Hellion  
  110  11:21  Marine  
  110  11:22  Marine  
  114  11:29  Viking  
  116  11:39  Marine x2  
  118  11:47  Viking  
  118  11:48  Viking  
  118  11:50  Thor  
  118  11:51  Viking  
  130  11:57  Marine x2  
  74  12:15  Marine x2  
  49  12:32  Marine  
  49  12:33  Marine  
Show
View Real Time Build Order
Export as new Build Order

MoCkingJay Protoss 

Build Orders: 1 Gate Expand 

Get SALT Encoding   

  12  0:01  Probe (Chrono Boost)  
  13  0:14  Pylon  
  13  0:25  Probe (Chrono Boost)  
  14  0:36  Probe (Chrono Boost)  
  14  0:39  Gateway  
  15  0:46  Probe (Chrono Boost)  
  15  0:49  Assimilator  
  17  0:57  Probe (Chrono Boost)  
  17  1:07  Probe (Chrono Boost)  
  18  1:18  Probe (Chrono Boost)  
  19  1:32  Nexus  
  19  1:37  Probe (Chrono Boost)  
  20  1:43  Cybernetics Core  
  20  1:50  Pylon  
  21  1:54  Probe (Chrono Boost)  
  21  2:06  Probe (Chrono Boost)  
  22  2:08  Assimilator  
  22  2:12  Warp Gate  
  22  2:22  Adept  
  24  2:28  Gateway  
  24  2:34  Gateway  
  24  2:43  Pylon  
  24  2:46  Probe x2 (Chrono Boost)  
  26  2:56  Probe x2 (Chrono Boost)  
  28  3:07  Mothership Core (Chrono Boost)  
  30  3:17  Robotics Facility  
  31  3:20  Probe (Chrono Boost)  
  31  3:25  Probe (Chrono Boost)  
  33  3:35  Probe (Chrono Boost)  
  33  3:36  Probe (Chrono Boost)  
  33  3:38  Stalker  
  33  3:39  Stalker  
  40  3:41  Sentry  
  40  3:47  Probe (Chrono Boost)  
  41  3:53  Probe (Chrono Boost)  
  42  3:59  Probe (Chrono Boost)  
  43  4:04  Observer  
  44  4:13  Probe (Chrono Boost)  
  44  4:15  Probe (Chrono Boost)  
  44  4:16  Assimilator  
  46  4:17  Assimilator  
  47  4:24  Probe (Chrono Boost)  
  47  4:27  Pylon x2, Probe (Chrono Boost)  
  48  4:49  Warp Prism  
  48  4:50  Probe (Chrono Boost)  
  48  4:51  Probe (Chrono Boost)  
  52  5:03  Probe (Chrono Boost)  
  52  5:06  Forge, Twilight Council  
  53  5:09  Probe (Chrono Boost)  
  55  5:15  Probe (Chrono Boost)  
  55  5:19  Probe (Chrono Boost)  
  56  5:35  Stalker x3  
  62  6:04  Zealot x3  
  70  6:11  Probe (Chrono Boost)  
  70  6:13  Probe (Chrono Boost)  
  70  6:25  Pylon, Nexus  
  70  6:28  Assimilator, Pylon  
  70  6:29  Assimilator  
  70  6:30  Pylon  
  70  6:38  Immortal  
  70  6:43  Zealot  
  70  6:44  Probe (Chrono Boost)  
  73  7:35  Probe (Chrono Boost)  
  75  7:37  Probe (Chrono Boost)  
  71  7:46  Probe (Chrono Boost)  
  71  7:48  Stargate  
  71  7:49  Stargate, Probe (Chrono Boost)  
  71  7:50  Gateway  
  63  7:52  Pylon  
  63  7:55  Pylon  
  55  8:00  Pylon  
  55  8:01  Probe (Chrono Boost)  
  56  8:12  Stalker x3  
  62  8:26  Protoss Ground Weapons Level 1  
  62  8:27  Blink  
  62  8:36  Stalker  
  60  8:43  Stalker x2  
  62  8:55  Probe x2 (Chrono Boost)  
  65  8:57  Pylon, Probe (Chrono Boost)  
  65  8:59  Pylon  
  65  9:01  Photon Cannon  
  65  9:03  Photon Cannon  
  65  9:05  Photon Cannon  
  65  9:06  Probe x2 (Chrono Boost)  
  65  9:09  Void Ray x2  
  70  9:18  Zealot x3  
  70  9:19  Zealot  
  56  9:49  Nexus  
  52  10:06  Gateway x2, Protoss Ground Armor Level 1  
  52  10:07  Gateway  
  52  10:09  Gateway  
  52  10:10  Gateway  
  52  10:11  Void Ray  
  52  10:12  Void Ray  
  60  10:33  Probe (Chrono Boost)  
  60  10:34  Probe (Chrono Boost)  
  62  10:44  Stalker x4, Probe (Chrono Boost)  
  62  10:46  Probe (Chrono Boost)  
  72  11:03  Void Ray x2  
  80  11:10  Probe x2 (Chrono Boost)  
  83  11:11  Probe (Chrono Boost)  
  83  11:20  Probe x2 (Chrono Boost)  
  83  11:23  Probe (Chrono Boost)  
  86  11:26  Pylon  
  86  11:27  Pylon  
  86  11:29  Pylon  
  84  12:06  Zealot x5  
  84  12:07  Zealot x2  
  94  12:33  Stalker x5  
  94  12:34  Stalker  
  94  12:35  Stalker  
Show
View Real Time Build Order
Export as new Build Order

Loken Zerg - Winner!

Build Orders: Hatch First 

Get SALT Encoding   

  12  0:02  Drone  
  13  0:13  Overlord  
  13  0:18  Drone  
  14  0:33  Drone x2  
  16  0:37  Drone  
  17  0:46  Drone  
  18  1:00  Hatchery  
  17  1:05  Drone  
  18  1:16  Spawning Pool  
  17  1:22  Drone x2  
  19  1:32  Drone  
  20  1:36  Extractor  
  19  1:43  Overlord  
  19  1:50  Drone  
  20  2:05  Drone  
  21  2:13  Queen  
  21  2:14  Queen  
  25  2:17  Zergling x4  
  27  2:23  Zergling x4  
  29  2:35  Extractor  
  28  2:42  Drone x2  
  30  2:57  Drone x4  
  34  3:10  Zergling x2  
  34  3:11  Zergling x2  
  36  3:18  Metabolic Boost  
  36  3:20  Lair  
  36  3:22  Overlord x2  
  36  3:24  Overlord  
  36  3:43  Drone x2  
  36  3:44  Drone x4  
  42  3:58  Spore Crawler  
  41  4:11  Drone  
  41  4:12  Drone x6  
  41  4:15  Hatchery  
  47  4:23  Infestation Pit  
  46  4:29  Drone, Evolution Chamber  
  46  4:30  Drone x2  
  48  4:32  Evolution Chamber  
  47  5:02  Spire  
  47  5:04  Zerg Melee Weapons Level 1  
  47  5:05  Zerg Ground Armor Level 1  
  46  5:08  Drone x5  
  46  5:09  Drone x5  
  56  5:24  Extractor  
  56  5:27  Extractor  
  54  5:29  Drone  
  54  5:30  Drone x7  
  54  5:33  Queen  
  64  5:49  Hive  
  64  5:51  Overlord x4  
  64  5:57  Spore Crawler  
  64  6:03  Drone  
  64  6:04  Drone x2  
  66  6:12  Drone  
  66  6:13  Drone x5  
  72  6:22  Extractor  
  72  6:25  Extractor  
  70  6:34  Zergling x6  
  70  6:35  Zergling x10  
  76  7:19  Zergling x10  
  76  7:20  Zergling x14  
  81  7:27  Zerg Melee Weapons Level 2  
  81  7:28  Zerg Ground Armor Level 2  
  76  7:31  Adrenal Glands  
  76  7:36  Zergling x2  
  80  7:37  Zergling x12  
  78  8:04  Zergling x2  
  78  8:05  Zergling x26  
  79  8:18  Zergling x2  
  79  8:19  Zergling x8  
  82  8:30  Queen  
  82  8:33  Zerg Flyer Weapons Level 1  
  81  8:42  Drone, Spore Crawler  
  81  8:43  Drone x7  
  81  8:46  Zergling x2  
  83  9:32  Spine Crawler  
  83  9:33  Zergling x8  
  83  9:34  Zergling x24  
  83  9:36  Overlord  
  83  9:37  Overlord  
  86  9:47  Overseer x2  
  86  9:49  Zerg Melee Weapons Level 3  
  86  9:50  Zerg Ground Armor Level 3  
  83  10:25  Zergling x4  
  83  10:26  Zergling x30  
  100  11:04  Hatchery x2  
  100  11:05  Queen  
  100  11:11  Hatchery  
  99  11:12  Hatchery  
  99  11:16  Hatchery  
  99  11:17  Zergling x10  
  99  11:18  Zergling x24  
  97  11:40  Queen  
  74  12:11  Mutalisk  
  74  12:12  Mutalisk x8  
  74  12:13  Mutalisk x10  
  112  12:16  Queen, Overlord  
  112  12:17  Overlord x2  
Show
View Real Time Build Order
Export as new Build Order

dallaskuken Protoss - Winner!

Build Orders:  

Get SALT Encoding   

  12  0:01  Probe (Chrono Boost)  
  13  0:16  Pylon  
  13  0:18  Probe (Chrono Boost)  
  14  0:29  Probe (Chrono Boost)  
  15  0:47  Pylon  
  15  0:48  Probe (Chrono Boost)  
  16  0:59  Probe (Chrono Boost)  
  17  1:06  Forge  
  17  1:09  Probe (Chrono Boost)  
  17  1:10  Gateway  
  18  1:16  Pylon  
  18  1:20  Probe (Chrono Boost)  
  19  1:31  Probe (Chrono Boost)  
  20  1:41  Probe (Chrono Boost)  
  21  1:53  Photon Cannon  
  21  1:58  Cybernetics Core  
  21  2:01  Zealot  
  21  2:06  Photon Cannon  
  23  2:10  Photon Cannon  
  23  2:28  Probe (Chrono Boost)  
  24  2:39  Assimilator  
  24  2:43  Assimilator  
  24  2:58  Nexus  
  24  3:04  Photon Cannon  
  24  3:13  Pylon  
  24  3:24  Probe (Chrono Boost)  
  25  3:34  Probe (Chrono Boost)  
  25  3:40  Pylon  
  26  3:47  Probe (Chrono Boost)  
  27  3:57  Probe (Chrono Boost)  
  27  4:01  Stargate  
  28  4:08  Probe (Chrono Boost)  
  29  4:10  Probe (Chrono Boost)  
  30  4:18  Probe (Chrono Boost)  
  30  4:21  Probe (Chrono Boost)  
  32  4:25  Sentry  
  32  4:29  Probe (Chrono Boost)  
  36  4:31  Probe (Chrono Boost)  
  36  4:35  Assimilator  
  36  4:39  Photon Cannon, Assimilator, Probe (Chrono Boost)  
  36  4:42  Probe (Chrono Boost)  
  38  4:47  Void Ray  
  38  4:52  Probe (Chrono Boost)  
  43  5:01  Stalker  
  43  5:03  Probe (Chrono Boost)  
  46  5:13  Probe (Chrono Boost)  
  47  5:19  Fleet Beacon  
  47  5:20  Probe (Chrono Boost)  
  48  5:24  Probe (Chrono Boost)  
  49  5:30  Probe (Chrono Boost)  
  49  5:34  Probe (Chrono Boost)  
  51  5:38  Void Ray  
  51  5:41  Probe (Chrono Boost)  
  56  5:45  Probe (Chrono Boost)  
  57  5:51  Probe (Chrono Boost)  
  57  5:55  Probe (Chrono Boost)  
  59  5:58  Pylon  
  59  6:02  Photon Cannon, Probe (Chrono Boost)  
  60  6:06  Probe (Chrono Boost)  
  61  6:18  Pylon  
  61  6:20  Carrier, Pylon  
  61  6:21  Pylon  
  67  6:44  Nexus  
  67  6:48  Pylon  
  67  6:50  Assimilator  
  67  6:54  Assimilator  
  67  6:56  Probe (Chrono Boost)  
  68  7:09  Stargate  
  68  7:10  Stargate  
  68  7:12  Stargate  
  69  7:30  Probe (Chrono Boost)  
  69  7:38  Mothership Core (Chrono Boost)  
  69  7:40  Probe (Chrono Boost)  
  69  7:41  Pylon  
  69  7:42  Pylon  
  72  7:49  Carrier  
  72  7:51  Probe (Chrono Boost)  
  79  7:53  Protoss Air Weapons Level 1  
  79  8:01  Probe (Chrono Boost)  
  86  8:12  Probe (Chrono Boost)  
  87  8:14  Probe (Chrono Boost)  
  87  8:16  Protoss Shields Level 1  
  88  8:24  Probe (Chrono Boost)  
  89  8:31  Carrier  
  95  8:35  Probe (Chrono Boost)  
  96  8:44  Photon Cannon  
  96  8:45  Pylon, Probe (Chrono Boost)  
  96  8:46  Photon Cannon  
  97  8:54  Robotics Facility  
  97  8:56  Carrier  
  103  9:02  Carrier  
  109  9:22  Cybernetics Core  
  109  9:32  Probe (Chrono Boost)  
  109  9:33  Protoss Air Armor Level 1  
  109  9:36  Carrier  
  116  9:42  Probe (Chrono Boost)  
  117  9:53  Probe (Chrono Boost)  
  117  9:58  Carrier  
  117  9:59  Twilight Council  
  124  10:03  Probe (Chrono Boost)  
  120  10:22  Carrier  
  126  10:38  Photon Cannon  
  126  10:42  Photon Cannon  
  126  10:47  Carrier  
  132  11:02  Carrier  
  138  11:24  Carrier  
Show
View Real Time Build Order
Export as new Build Order

TimeTwist Zerg - Winner!

Build Orders: Hatch First, Muta Ling Bane 

Get SALT Encoding   

  12  0:01  Drone  
  13  0:12  Overlord  
  13  0:18  Drone  
  14  0:31  Drone x2  
  16  0:35  Drone  
  17  0:46  Drone  
  18  1:00  Hatchery  
  18  1:01  Drone  
  18  1:16  Spawning Pool  
  18  1:18  Drone  
  18  1:21  Drone  
  19  1:29  Drone  
  20  1:39  Overlord  
  20  1:46  Extractor  
  19  2:06  Queen  
  19  2:07  Zergling x2  
  19  2:08  Zergling x2  
  23  2:13  Queen  
  25  2:18  Drone  
  26  2:30  Drone  
  26  2:31  Drone x2  
  26  2:35  Drone  
  30  2:43  Overlord  
  30  2:46  Drone x2  
  30  2:50  Queen  
  34  2:55  Drone  
  34  2:56  Metabolic Boost  
  35  3:09  Hatchery  
  34  3:19  Drone x4  
  38  3:32  Overlord  
  38  3:33  Drone x6  
  44  3:41  Baneling Nest  
  44  3:48  Overlord  
  43  3:58  Drone x3  
  43  3:59  Drone x5  
  51  4:08  Drone, Extractor  
  51  4:12  Extractor  
  51  4:13  Extractor, Spore Crawler  
  51  4:17  Spore Crawler  
  46  4:21  Queen, Lair  
  48  4:26  Drone, Overlord  
  48  4:27  Drone x3  
  52  4:33  Zergling x2  
  52  4:34  Zergling x2  
  54  4:40  Zergling x8  
  58  4:52  Zergling x8  
  62  5:01  Spine Crawler  
  62  5:03  Spine Crawler  
  62  5:05  Spine Crawler, Zergling x6  
  62  5:06  Zergling x8  
  66  5:12  Baneling x2  
  66  5:13  Baneling x2  
  66  5:15  Baneling x3  
  66  5:25  Drone x4  
  66  5:26  Centrifical Hooks  
  70  5:50  Spire  
  67  6:34  Hatchery  
  67  6:36  Drone  
  67  6:37  Drone x4  
  67  6:38  Drone  
  67  6:39  Overlord x2  
  72  7:11  Mutalisk x3  
  72  7:12  Mutalisk x4  
  72  7:14  Overlord  
  72  7:15  Overlord x2  
  86  7:19  Drone x3  
  89  7:31  Overlord x2  
  88  7:42  Zergling x6  
  88  7:43  Zergling x12  
  88  7:44  Zergling x12  
  91  7:45  Zergling x4  
  94  8:00  Drone x2  
  94  8:02  Spore Crawler  
  94  8:03  Extractor x2  
  93  8:11  Mutalisk x7  
  107  8:14  Overlord x2  
  107  8:34  Drone  
  107  8:35  Drone x3  
  111  8:55  Mutalisk  
  111  8:56  Mutalisk x5  
  111  9:35  Infestation Pit, Overseer x2  
  110  9:43  Zergling x2  
  110  9:44  Zergling x12  
  110  9:45  Zergling x12  
  122  9:49  Hatchery  
  94  10:25  Hydralisk Den  
  80  10:28  Roach Warren  
  79  10:36  Drone x3  
  79  10:37  Drone x4  
  79  10:39  Corruptor  
  79  10:40  Corruptor x6  
  79  10:41  Corruptor x5  
  106  11:21  Hive  
  89  12:43  Hatchery  
Tags
 
Add a new tag
Caveats
  • Supply blocks, unpowered buildings, or Contaminate may cause inaccurate times.
  • Supply counts are checked every 10 seconds.